 Dungeon Crawl Stone Soup version 0.21-a0-263-gf26e180 (webtiles) character file.

4 Chiseanne the Vexing (level 1, -1/9 HPs)
             Began as a Spriggan Wanderer on Sept 7, 2017.
             Slain by a hobgoblin
             ... wielding a +0 club
              (5 damage)
             ... on level 1 of the Dungeon.
             The game lasted 00:01:04 (315 turns).

Chiseanne the Vexing (Spriggan Wanderer)             Turns: 315, Time: 00:01:05

Health: -1/9       AC:  2    Str:  8    XL:     1   Next: 50%
Magic:  3/3        EV: 18    Int: 12    God:
Gold:   0          SH:  0    Dex: 16    Spells: 0/0 levels left

rFire    . . .     SeeInvis +   e - +0 dagger
rCold    . . .     Gourm    .   (shield restricted)
rNeg     . . .     Faith    .   d - +0 robe
rPois    .         Spirit   .   (helmet restricted)
rElec    .         Reflect  .   (no cloak)
rCorr    .         Harm     .   (gloves unavailable)
MR       .....                  (boots unavailable)
Stlth    ++........             (no amulet)
HPRegen  0.03/turn              (no ring)
MPRegen  0.08/turn              (no ring)

@: very quick
A: unfitting armour, see invisible, herbivore 3, speed 3, slow metabolism 2
a: no special abilities


You were on level 1 of the Dungeon.
You were not hungry.

You visited 1 branch of the dungeon, and saw 1 of its levels.

Inventory:

Hand Weapons
 e - a +0 dagger (weapon)
Armour
 d - a +0 robe (worn)
Potions
 c - a potion of curing
Books
 a - a book of Maledictions

   Spells                             Type                      Level
   a - Corona                         Hexes                        1
   b - Ensorcelled Hibernation        Hexes/Ice                    2
   c - Confuse                        Hexes                        3
   d - Tukima's Dance                 Hexes                        3
   e - Dazzling Spray                 Conjuration/Hexes            3
 b - the Compendium of the Snowflakes

   Spells                             Type                      Level
   a - Freeze                         Ice                          1
   b - Ozocubu's Armour               Charms/Ice                   3
Comestibles
 f - a bread ration


   Skills:
 + Level 0.7(1.1) Short Blades
   Level 1.0 Long Blades
 * Level 3.1 Dodging
 * Level 0.9 Stealth
   Level 1.0 Shields
 * Level 0.0 Spellcasting
   Level 3.6 Hexes
   Level 1.7 Earth Magic
   Level 1.3 Evocations


You couldn't memorise any spells.
You didn't know any spells.

Dungeon Overview and Level Annotations

Branches:
Dungeon (1/15)

Altars:


Innate Abilities, Weirdness & Mutations

You are very small and have problems with some larger weapons.
You are too small for most types of armour.
You have supernaturally acute eyesight. (SInv)
You are a herbivore.
You cover ground extremely quickly.
You need consume almost no food.


Message History

A frilled lizard and a hobgoblin come into view.
The hobgoblin shouts!
The hobgoblin completely misses you.
You completely miss the hobgoblin. The rat misses you.
A bat comes into view.
You barely miss the hobgoblin. The hobgoblin misses you.
You hit the hobgoblin.
The hobgoblin is lightly wounded.
The hobgoblin misses you.
You closely miss the hobgoblin.
The hobgoblin is lightly wounded.
You hit the hobgoblin but do no damage.
The hobgoblin is lightly wounded.
The hobgoblin hits you with a club.
Ouch! That really hurt!
You hit the hobgoblin but do no damage.
The hobgoblin is lightly wounded.
The hobgoblin hits you with a club.
Ouch! That really hurt!
You die...

#........
#........ .......
##........ .......
.......... .......
...†...... .......
#...###### .......
###.# ....# # .###
#####b..#### ## ..
.. ##..@gr......
.# ###
#.####>.##########
.##
#.............l
..###
####..#########
....# ###..##
#.#.####...##
...........#
.........#..#
.......####.#


You could see a hobgoblin, a bat and a rat.

Vanquished Creatures
  A giant cockroach (D:1)
  A hobgoblin (D:1)
  A ball python (D:1)
  A rat (D:1)
4 creatures vanquished.

Notes
Turn   | Place    | Note
-------+----------+-------------------------------------------
     0 | D:1      | Chiseanne the Spriggan Wanderer began the quest for the Orb.
     0 | D:1      | Chiseanne set off with: a book of Maledictions, the Compendium of the Snowflakes, a potion of curing, a +0 robe, a +0 dagger, a bread ration
     0 | D:1      | Reached XP level 1. HP: 9/9 MP: 3/3
   101 | D:1      | Identified the Compendium of the Snowflakes
   315 | D:1      | Slain by a hobgoblin

Vault maps used:
D:1:      shiori_shiawase

Action                   || total
-------------------------++-------
Melee: Dagger            ||    31
Armor: Robe              ||     2
Dodge: Dodged            ||    23

Table legend:
 A = Spawn XP
 B = Non-spawn XP
 C = Spawn XP percentage of total XP
 D = Spawn monster count
 E = Non-spawn monster count
 F = Spawn count percentage of total count
 G = Total turns spent on level
                    A         B        C        D         E        F      G
               +---------+---------+-------+---------+---------+-------+---------
         Total |       0 |       6 |   0.0 |       0 |       4 |   0.0 |   315
               +---------+---------+-------+---------+---------+-------+---------
           D:1 |       0 |       6 |   0.0 |       0 |       4 |   0.0 |   315
               +---------+---------+-------+---------+---------+-------+---------
